 Dungeon Crawl Stone Soup version 0.20-a0-1040-gfd09691 (console) character file.

56 nht the Ruffian (level 3, 0/29 HPs)
             Began as a Draconian Transmuter on Apr 23, 2017.
             Succumbed to an adder's poison
             ... on level 2 of the Dungeon.
             The game lasted 00:01:34 (882 turns).

nht the Ruffian (Draconian Transmuter)               Turns: 882, Time: 00:01:35

Health: 0/29       AC:  5    Str: 17    XL:     3   Next: 71%
Magic:  6/6        EV: 12    Int: 19    God:
Gold:   69         SH:  0    Dex: 11    Spells: 5/6 levels left

rFire    . . .     SeeInvis .     - Unarmed
rCold    . . .     Gourm    .   (no shield)
rNeg     . . .     Faith    .   (armour unavailable)
rPois    .         Spirit   .   (helmet restricted)
rElec    .         Reflect  .   (no cloak)
rCorr    .         Harm     .   (no gloves)
MR       .....                  (no boots)
Stlth    +++.......             (no amulet)
Regen    0.1/turn               m - ring of stealth
MPRegen  0.1/turn               n - ring of stealth

@: mighty, brilliant, lethally poisoned (0 -> -12)
A: unfitting armour, cold-blooded, AC +5
a: no special abilities


You were on level 2 of the Dungeon.
You were not hungry.

You visited 1 branch of the dungeon, and saw 2 of its levels.

You collected 69 gold pieces.

Inventory:

Missiles
 a - 30 arrows
Jewellery
 m - a ring of stealth (left hand)
 n - a ring of stealth (right hand)
Scrolls
 e - 3 scrolls of identify {unknown}
 g - 2 scrolls of recharging {unknown}
 h - a scroll of teleportation {unknown}
 i - 2 scrolls of remove curse {unknown}
Potions
 j - a potion of flight {unknown}
 k - a potion of agility {unknown}
 l - a potion of might
Books
 b - a book of Changes

   Spells                             Type                      Level
   a - Beastly Appendage              Transmutation                1
   b - Sticks to Snakes               Transmutation                2
   c - Spider Form                    Transmutation/Poison         3
   d - Ice Form                       Ice/Transmutation            4
   e - Blade Hands                    Transmutation                5
Comestibles
 c - a bread ration
 d - 4 chunks of flesh
 f - 3 meat rations


   Skills:
 - Level 1.9 Fighting
 - Level 1.9 Dodging
 * Level 3.7 Unarmed Combat
 - Level 2.2 Spellcasting
 + Level 2.7 Transmutations


You had 5 spell levels left.
You knew the following spells:

 Your Spells              Type           Power        Failure   Level  Hunger
a - Beastly Appendage     Tmut           ###...       1%          1    #......


Dungeon Overview and Level Annotations

Branches:
Dungeon (2/15)

Altars:


Innate Abilities, Weirdness & Mutations

Your plain brown scales are hard. (AC +5)
You cannot fit into any form of body armour.
You are cold-blooded and may be slowed by cold attacks.


Message History

* * * LOW HITPOINT WARNING * * *
You are more poisoned.
The adder poisons you!
You miss the adder. Your kick misses the adder.
The adder is heavily wounded.
* * * LOW HITPOINT WARNING * * *
You feel sick. The adder barely misses you.
You closely miss the adder.
The adder is heavily wounded.
* * * LOW HITPOINT WARNING * * *
You feel sick. The adder bites you.
* * * LOW HITPOINT WARNING * * *
The adder bites you but does no damage.
It was a potion of might.
You feel very mighty all of a sudden.
* * * LOW HITPOINT WARNING * * *
You feel sick. The adder barely misses you.
It was a potion of brilliance.
You feel clever all of a sudden.
Your talons disappear.
You die... ███.... .....██ █...█. ██♣█♣█♣█ ███.█... █......███....... ██████

█.♣█♣.♣..........
......██.█
█.█.██.....<.
.........█
♣.♣.██.......
.......@██
█...██.......
.......S█
██████.......
........█
█.......
........█
█.......
........█
█.......
.......██
█........ ......$
...>..... .......
█........
█........


You could see an adder.

Vanquished Creatures
  3 adders (D:2)
  An ooze (D:1)
  2 giant cockroaches (D:1)
  4 goblins (D:1)
  4 hobgoblins (D:1)
  2 jackals (D:1)
  2 bats (D:1)
  2 frilled lizards (D:1)
  5 rats (D:1)
25 creatures vanquished.

Notes
Turn   | Place    | Note
-------+----------+-------------------------------------------
     0 | D:1      | nht the Draconian Transmuter began the quest for the Orb.
     0 | D:1      | Reached XP level 1. HP: 16/16 MP: 3/3
   201 | D:1      | Reached XP level 2. HP: 14/23 MP: 3/5
   811 | D:2      | Reached XP level 3. HP: 25/29 MP: 6/6
   881 | D:2      | HP: 1/29 [poisoned by an adder]
   882 | D:2      | Succumbed to an adder's poison

Vault maps used:
D:1:      minmay_arrival_four_loops
D:2:      nicolae_dithmenos_shadow_blocks, serial_forest,
          infiniplex_forest_lined_room_2, infiniplex_forest_lined_4_way,
          infiniplex_forest_corner_1, infiniplex_forest_lined_4_way,
          infiniplex_forest_clump_medium, infiniplex_forest_pool,
          infiniplex_forest_lined_corner, uniq_terence

Action                   || total
-------------------------++-------
Melee: Unarmed           ||    97
       Tailslap          ||    11
       Headbutt          ||     9
       Kick              ||     6
       Punch             ||     1
 Cast: Beastly Appendage ||    20
  Use: Potion            ||     2
 Stab: Sleeping          ||     1
Armor: Skin              ||    29
Dodge: Dodged            ||    64
